 Seeded DCSS version 0.30-a0-760-g5a9884bb7c (webtiles) character file.

Game seed: 5430720872467839093 (custom seed)

26681 purpskrrrp the Thaumaturge (level 13, -11/82 HPs)
             Began as a Deep Elf Warper on Feb 11, 2023.
             Was a High Priest of Wu Jian.
             Mangled by Snorg (13 damage)
             ... on level 12 of the Dungeon.
             The game lasted 00:50:23 (21534 turns).

purpskrrrp the Thaumaturge (Deep Elf Warper)       Turns: 21534, Time: 00:50:23

Health: -11/82     AC: 13    Str: 15      XL:     13   Next: 0%
Magic:  30/30      EV: 25    Int: 22 (26) God:    Wu Jian [*****.]
Gold:   881        SH:  0    Dex: 21      Spells: 26/34 levels left

rFire   . . .      SeeInvis +    i - +8 consecrated labrys {holy, Valiant Fragile Fly SInv}
rCold   . . .      Faith    .    (no shield)
rNeg    . . .      Spirit   .    w - +2 robe of Binutifa {rPois Dex+5}
rPois   +          Reflect  .    Z - +2 helmet
rElec   .          Harm     .    (no cloak)
rCorr   .          Rampage  .    e - +2 pair of gloves {Dex+3}
Will    +....                    X - +2 pair of boots
Stlth   +++++                    (no amulet)
HPRegen 0.33/turn                l - +6 ring of strength
MPRegen 0.22/turn                d - +5 ring of evasion

@: flying, studying Fighting
A: claws 1, clever 1
a: Renounce Religion, Wall Jump, Serpent's Lash, Heavenly Storm


You were on level 12 of the Dungeon.
You worshipped Wu Jian.
Wu Jian was extremely pleased with you.
You visited 2 branches of the dungeon, and saw 14 of its levels.
You also visited: Gauntlet.

You collected 881 gold pieces.

Inventory:

Hand Weapons
 i - the +8 consecrated labrys (weapon) {holy, Valiant Fragile Fly SInv}
   (You took it off a minotaur in a Gauntlet)

   Valiant:   It becomes more powerful as more dangerous foes come into view.
   SInv:      It lets you see invisible.
   Fly:       It grants you flight.
   Fragile:   It will be destroyed if unequipped.
 j - a +5 lajatang of speed
Missiles
 m - a curare-tipped dart
 q - 3 silver javelins
 u - 31 poisoned darts
 B - 5 boomerangs
Armour
 e - a +2 pair of gloves of dexterity (worn)
 h - the +1 kite shield of the Ageless Queens {rF+ Stlth+}
   (You acquired it on level 2 of the Dungeon)

   rF:        It protects you from fire.
   Stlth:     It makes you more stealthy.
 w - the +2 robe of Binutifa (worn) {rPois Dex+5}
   (You found it on level 3 of the Dungeon)

   Dex:       It affects your dexterity (+5).
   rPois:     It protects you from poison.
 X - a +2 pair of boots (worn)
 Z - a +2 helmet (worn)
Jewellery
 a - a ring of poison resistance
 b - a ring of protection from cold
 d - a +5 ring of evasion (right hand)
 f - a ring of flight
 l - a +6 ring of strength (left hand)
 s - an amulet of reflection
 K - a +4 ring of slaying
 Q - a +6 ring of intelligence
 R - a +6 ring of intelligence
 T - a +4 ring of slaying
 Y - a ring of wizardry
Wands
 n - a wand of mindburst (12)
 H - a wand of flame (12)
 O - a wand of polymorph (16)
 P - a wand of paralysis (12)
 V - a wand of digging (9)
Scrolls
 c - a scroll of fog {unknown}
 t - a scroll of silence {unknown}
 x - a scroll of butterflies {unknown}
 A - 3 scrolls of magic mapping
 F - a scroll of immolation
 U - a scroll of brand weapon
Potions
 k - 4 potions of lignification
 o - a potion of ambrosia {unknown}
 r - 2 potions of brilliance
 v - 4 potions of berserk rage
 C - a potion of magic {unknown}
 D - 3 potions of curing
 E - 2 potions of resistance
 N - 2 potions of flight
Miscellaneous
 p - a lightning rod (inert)


   Skills:
 + Level 9.8 Fighting
 + Level 2.7 Axes
 + Level 11.3 Staves
 - Level 1.0 Throwing
 - Level 0.7 Armour
 + Level 10.3 Dodging
 - Level 10.0 Stealth
 + Level 11.3 Spellcasting
 + Level 5.5 Conjurations
 + Level 9.7 Translocations


You had 26 spell levels left.
You knew the following spells:

 Your Spells              Type           Power      Damage    Failure   Level
a - Blink                 Tloc           100%       N/A       1%          2
b - Manifold Assault      Tloc           53%        N/A       1%          4
c - Poisonous Vapours     Pois/Air       24%        N/A       8%          2

Your spell library contained the following spells:

 Spells                   Type           Power      Damage    Failure   Level
 Kiss of Death            Conj/Necr      96%        2d12      1%          1
 Lesser Beckoning         Tloc           100%       N/A       1%          2
 Teleport Other           Tloc           53%        N/A       1%          3
 Static Discharge         Conj/Air       48%        2-4/arc   2%          2
 Vhi's Electric Charge    Tloc/Air       66%        N/A       2%          3
 Slow                     Hex            48%        N/A       5%          1
 Sting                    Tmut/Pois      48%        1d5       5%          1
 Cigotuvi's Dreadful Rot  Necr/Pois/Air  24%        N/A       8%          2
 Confusing Touch          Hex            12%        N/A       16%         3
 Inner Flame              Hex/Fire       12%        N/A       16%         3
 Ozocubu's Armour         Ice            12%        N/A       16%         3
 Vampiric Draining        Necr           12%        2d6       16%         3
 Flame Wave               Conj/Fire      24%        2d8       17%         4
 Sticky Flame             Conj/Fire      24%        2d5       17%         4
 Arcjolt                  Conj/Air       12%        1d22      43%         5
 Lightning Bolt           Conj/Air       12%        1d25      43%         5
 Dispel Undead            Necr           12%        3d9       45%         4
 Olgreb's Toxic Radiance  Pois           12%        N/A       45%         4
 Death Channel            Necr           6%         N/A       100%        6
 Ozocubu's Refrigeration  Ice            6%         4d8       100%        7
 Storm Form               Tmut/Air       6%         N/A       100%        7


Dungeon Overview and Level Annotations

Branches:
Dungeon (13/15)            Temple (1/1) D:4            Lair (0/5) D:11
    Orc (0/2) D:11        Gauntlet (visited)
 Vaults: D:13-14

Altars:
Ashenzari
Cheibriados
Dithmenos
Elyvilon
Fedhas
Gozag
Hepliaklqana
Kikubaaqudgha
Makhleb
Nemelex Xobeh
Okawaru
Qazlal
Ru
Sif Muna
Trog
Uskayaw
Vehumet
Wu Jian
Xom
Yredelemnul
Zin
The Shining One

Shops:
D:2 ?   D:9 *

Annotations:
D:4 Blork the orc
D:12 Snorg
D:13 Nessos


Innate Abilities, Weirdness & Mutations

You have sharp fingernails.
Your mind is acute. (Int +4, Str/Dex -1)


Message History

Snorg barely misses you. Snorg closely misses you. Snorg misses you.
Snorg claws you. Snorg closely misses you. The slime creature hits you.
You hit the slime creature.
The slime creature is almost dead.
You slash Snorg! Snorg closely misses you. Snorg misses you.
Snorg completely misses you. The slime creature barely misses you.
Snorg bites you but does no damage. Snorg claws you but does no damage.
Snorg closely misses you.
The slime creature completely misses you.
You slash Snorg!
Snorg is almost dead.
You slash the slime creature!
You kill the slime creature!
The Council accepts your kill. Snorg misses you. Snorg claws you.
Snorg misses you. Snorg bites you. Snorg completely misses you.
Snorg misses you. Snorg closely misses you.
Snorg claws you but does no damage. x2
You have reached level 13!
You closely miss Snorg.
Snorg is almost dead.
Snorg closely misses you. Snorg claws you but does no damage. x2
Snorg misses you. Snorg claws you! Snorg closely misses you.
You hit Snorg.
Snorg is almost dead.
Snorg bites you!! Snorg closely misses you. Snorg completely misses you.
Snorg misses you. Snorg claws you.
* * * LOW HITPOINT WARNING * * *
Snorg claws you!
* * * LOW HITPOINT WARNING * * *
Aiming: Thunderbolt
Press: ? - help, Shift-Dir - straight line, f - Snorg
Aim: Snorg (almost dead, berserk)
The thunderbolt hits Snorg!
Snorg is almost dead.
The lightning rod overheats!
Snorg bites you.
* * * LOW HITPOINT WARNING * * *
Snorg completely misses you. Snorg claws you but does no damage.
Snorg bites you!
You die...

....#####.......####.....#.###
.................# ###.)##.#
....####.........# ##.#..# .#####
#.........# #.#.## .##).#
#.........# ###...###### ..'..#
#.........# ##.....†....## ..#'##
#.........###............#
....####........T##..............
.......#........@##..............
.)#'##...........##..............
..'.[###.[.......##..............
..#(.# ##.......###..............
..#### ##.....## ##............#
.## ####### ##..........## ##
############ #


You could see Snorg (berserk).

Vanquished Creatures
  A minotaur (Gauntlet)
  A hydra (D:13)
  6 two-headed ogres
  A tengu warrior (D:12)
  A boulder beetle (D:12)
  A death scarab (Gauntlet)
  A necromancer (Gauntlet)
  An ugly thing (D:11)
  2 cyclopes
  The ghost of Dittersdorf the Covered, a novice GrFi of Okawaru (D:4)
  3 manticores
  Joseph (D:8)
  A gargoyle (D:11)
  An unseen horror (D:13)
  Psyche (D:8)
  An efreet (Gauntlet)
  A komodo dragon (D:11)
  3 trolls
  A hornet (D:8)
  6 slime creatures
  A wraith (D:9)
  2 shadows
  A spectral komodo dragon (Gauntlet)
  A wyvern (D:8)
  A water elemental (D:11)
  36 yaks
  A fire elemental (Gauntlet)
  4 vampire mosquitoes (D:13)
  2 acid dragons
  3 water moccasins
  2 hell hounds (Gauntlet)
  Duvessa (D:5)
  2 ice beasts
  10 orc warriors
  A sky beast (D:7)
  9 centaurs
  An ogre (D:7)
  4 wolves (Gauntlet)
  2 kobold brigands
  6 bullfrogs
  6 gnoll sergeants
  3 scorpions
  4 necrophages
  Dowan (D:5)
  5 wights
  5 howler monkeys
  10 electric eels
  A crimson imp (D:7)
  A jelly (D:6)
  A gnoll bouda (D:6)
  11 orc priests
  4 hounds
  3 iguanas
  17 orc wizards
  36 gnolls
  12 adders
  A shadow imp (D:6)
  6 white imps
  An ufetubus (D:5)
  3 worms (D:4)
  A dart slug (D:4)
  47 orcs
  3 bats
  8 endoplasms
  3 giant cockroaches
  4 goblins
  7 hobgoblins
  7 jackals
  12 kobolds
  5 quokkas
  8 ball pythons
  2 frilled lizards
  3 rats
366 creatures vanquished.

Vanquished Creatures (others)
  A wizard (D:8)
  An orc (D:9)
  23 withered plants (Gauntlet)
25 creatures vanquished.

Grand Total: 391 creatures vanquished

Notes
Turn   | Place    | Note
-------+----------+-------------------------------------------
     0 | D:1      | purpskrrrp the Deep Elf Warper began the quest for the Orb.
     0 | D:1      | Reached XP level 1. HP: 12/12 MP: 6/6
    56 | D:1      | Gained mutation: You have sharp fingernails. [potion of
                  | mutation]
    56 | D:1      | Gained mutation: Your mind is acute. (Int +4, Str/Dex -1)
                  | [potion of mutation]
   265 | D:1      | Reached XP level 2. HP: 17/17 MP: 8/8
  1214 | D:2      | Found Doddoiw's Magic Scroll Shoppe.
  1309 | D:2      | Noticed a necrophage
  1332 | D:2      | Killed a necrophage
  1333 | D:2      | Reached XP level 3. HP: 13/21 MP: 10/10
  1333 | D:2      | Reached XP level 4. HP: 16/26 MP: 11/11
  2262 | D:2      | HP: 1/26 [bat (1)]
  2367 | D:2      | Identified a scroll of acquirement
  2367 | D:2      | Acquired a +5 ring of evasion
  2757 | D:2      | Acquired the +1 kite shield of the Ageless Queens {rF+
                  | Stlth+}
  2763 | D:2      | Acquired a +2 lajatang of speed
  2773 | D:2      | Learned a level 2 spell: Blink
  2778 | D:2      | Learned a level 4 spell: Manifold Assault
  2782 | D:2      | Acquired a +0 pair of gloves of dexterity
  2989 | D:3      | Reached XP level 5. HP: 31/31 MP: 13/13
  3017 | D:3      | Reached skill level 1 in Staves
  3052 | D:3      | Identified the +3 short sword of the Manifold Quests
                  | {flame, rElec Int+5}
  3406 | D:3      | Found a faded altar of an unknown god.
  3555 | D:3      | Found an iron altar of Okawaru.
  3651 | D:3      | Reached XP level 6. HP: 36/36 MP: 14/14
  3754 | D:3      | Identified the +2 robe of Binutifa {rPois Dex+5}
  4030 | D:4      | Found a runed translucent door.
  4031 | D:4      | Noticed Dittersdorf's ghost (novice GrFi)
  4353 | D:4      | Found a staircase to the Ecumenical Temple.
  4502 | D:4      | Noticed Blork the orc
  4740 | D:4      | Reached XP level 7. HP: 41/41 MP: 16/16
  5039 | Temple   | Entered the Ecumenical Temple
  5300 | Temple   | Became a worshipper of Cheibriados the Contemplative
  5370 | Temple   | Fell from the grace of Cheibriados
  5370 | Temple   | Became a worshipper of the Wu Jian Council
  5399 | D:4      | Reached skill level 1 in Stealth
  5399 | D:4      | Reached skill level 5 in Spellcasting
  5422 | D:4      | Killed Dittersdorf's ghost
  5423 | D:4      | Reached skill level 5 in Dodging
  5423 | D:4      | Reached skill level 5 in Translocations
  5508 | D:5      | Entered Level 5 of the Dungeon
  5529 | D:5      | Reached XP level 8. HP: 10/48 MP: 18/18
  5650 | D:5      | Noticed a two-headed ogre
  5661 | D:5      | Killed a two-headed ogre
  5662 | D:5      | Reached skill level 5 in Staves
  5758 | D:5      | Noticed Dowan
  5759 | D:5      | Noticed Duvessa
  5761 | D:5      | Killed Dowan
  5762 | D:5      | Reached skill level 5 in Fighting
  5773 | D:5      | Killed Duvessa
  5879 | D:5      | Reached * piety under Wu Jian
  5895 | D:5      | Reached XP level 9. HP: 44/54 MP: 20/20
  6636 | D:6      | Noticed a two-headed ogre
  6648 | D:6      | Killed a two-headed ogre
  6649 | D:6      | Reached skill level 5 in Stealth
  6889 | D:6      | Found a broken altar of Ashenzari.
  7098 | D:6      | Found a white marble altar of Elyvilon.
  7098 | D:6      | Found an ancient bone altar of Kikubaaqudgha.
  7127 | D:6      | Found a blossoming altar of Fedhas.
  7127 | D:6      | Found a burning altar of Makhleb.
  7601 | D:6      | Found an opulent altar of Gozag.
  8081 | D:6      | Reached ** piety under Wu Jian
  8598 | D:7      | Reached XP level 10. HP: 53/61 MP: 4/23
 10137 | D:8      | Noticed Joseph
 10150 | D:8      | Killed Joseph
 10565 | D:8      | Noticed Psyche
 10667 | D:8      | Found a bloodstained altar of Trog.
 10920 | D:8      | Killed Psyche
 11292 | D:8      | Noticed a wizard
 11295 | D:8      | Killed a wizard
 11844 | D:9      | Noticed a manticore
 11851 | D:9      | Killed a manticore
 11852 | D:9      | Reached XP level 11. HP: 62/67 MP: 3/26
 11857 | D:9      | Reached *** piety under Wu Jian
 12011 | D:9      | Reached skill level 1 in Conjurations
 13594 | D:9      | Found a stormy altar of Qazlal.
 14007 | D:9      | Found Ysacrel's Fire Supplies.
 14353 | D:9      | Was forgiven by Cheibriados
 14438 | D:10     | Entered Level 10 of the Dungeon
 14663 | D:10     | Noticed a two-headed ogre
 14668 | D:10     | Killed a two-headed ogre
 15269 | D:10     | Reached **** piety under Wu Jian
 15596 | D:10     | Noticed a two-headed ogre
 15607 | D:10     | Killed a two-headed ogre
 15608 | D:10     | Reached skill level 10 in Spellcasting
 16173 | D:11     | Reached skill level 10 in Staves
 16390 | D:11     | Noticed a red ugly thing
 16621 | D:11     | Reached XP level 12. HP: 75/75 MP: 8/28
 17458 | D:11     | Found a staircase to the Lair.
 17788 | D:11     | Reached ***** piety under Wu Jian
 17940 | D:11     | Found a staircase to the Orcish Mines.
 18681 | D:12     | Noticed a two-headed ogre
 18686 | D:12     | Killed a two-headed ogre
 19301 | D:12     | Noticed a two-headed ogre
 19304 | D:12     | Noticed a boulder beetle
 19312 | D:12     | Killed a two-headed ogre
 19327 | D:12     | Killed a boulder beetle
 19730 | D:13     | Found a gate leading to a gauntlet.
 19739 | Gauntlet | Entered a Gauntlet
 19739 | Gauntlet | Found a transporter.
 19758 | Gauntlet | Found a transporter.
 19763 | Gauntlet | Found a transporter.
 19768 | Gauntlet | Found a transporter.
 19783 | Gauntlet | Found a transporter.
 19802 | Gauntlet | Found a transporter.
 19814 | Gauntlet | Found a transporter.
 19815 | Gauntlet | Noticed a death yak
 19818 | Gauntlet | Noticed a death yak
 19818 | Gauntlet | Noticed a death yak
 19826 | Gauntlet | Found a transporter.
 19838 | Gauntlet | Found a transporter.
 19850 | Gauntlet | Found a transporter.
 19867 | Gauntlet | Found a transporter.
 19867 | Gauntlet | Found a transporter.
 19887 | Gauntlet | Found a transporter.
 19925 | Gauntlet | Found a transporter.
 20000 | Gauntlet | Found a transporter.
 20027 | Gauntlet | Found a transporter.
 20045 | Gauntlet | Noticed a death scarab
 20047 | Gauntlet | Found a transporter.
 20062 | Gauntlet | Found a transporter.
 20090 | Gauntlet | Reached skill level 5 in Conjurations
 20152 | Gauntlet | Killed a death scarab
 20153 | Gauntlet | Reached skill level 10 in Dodging
 20158 | Gauntlet | Identified the +5 battleaxe "Ysoerasm" {holy, rPois Will+
                  | Int-4 Dex+2}
 20348 | Gauntlet | Reached skill level 10 in Stealth
 20608 | Gauntlet | Learned a level 2 spell: Poisonous Vapours
 20632 | Gauntlet | Identified the +1 chain mail of the Chupacabra {rC+ Regen+
                  | rCorr}
 20632 | Gauntlet | Noticed a minotaur
 20651 | Gauntlet | Killed a minotaur
 20887 | Gauntlet | Identified the +6 spear "Killer Bee's Peril" {heavy, Int-3
                  | SInv Stlth+}
 20887 | Gauntlet | Identified the +6 longbow of the Inferno {speed, Str+8}
 20954 | D:13     | Noticed Nessos
 20999 | D:13     | Noticed Snorg
 21183 | D:13     | Noticed a five-headed hydra
 21343 | D:13     | Killed a seven-headed hydra
 21344 | D:13     | Noticed a tengu warrior
 21375 | D:12     | Killed a tengu warrior
 21532 | D:12     | Reached XP level 13. HP: 51/82 MP: 30/30
 21534 | D:12     | HP: 2/82 [Snorg (5)]
 21534 | D:12     | Mangled by Snorg

Illustrated notes

Levels and vault maps discovered:
D:1:      dpeg_arrival_boxes_within_box, layout_basic
D:2:      layout_loops_ring, serial_shops, shop, nicolae_kite_square_tiling_tiny
D:3:      layout_rooms, okawaru_metal_pillars_3, ebering_ecumenical_altar_rust
D:4:      layout_basic, minmay_temple_entry_overgrown, ebering_ghost_sewer_d,
          minmay_manual_monstrance, uniq_blork_the_orc
D:5:      layout_basic, uniq_duvessa
D:6:      layout_gridville, mainiacjoe_overflow_tiny_flanked,
          grunt_temple_overflow_open, cheibrodos_ashenzari_chains, minivault_5,
          minmay_pentangle
D:7:      layout_cave_pools, minmay_fire_ice_demons
D:8:      layout_basic, trog_wizard, chequers_serial_rivers_marsh, uniq_psyche,
          uniq_joseph
D:9:      minmay_ornate_pinched, layout_basic, general_overflow_altar,
          roderic_serpentine_path, nicolae_shop_fire_sale
          [nicolae_sub_dead_trees], minmay_crystal_water, grunt_ministairs_1
D:10:     layout_cave_pools, dk_noncrumbling_3
D:11:     layout_cave_pools, lair_entry_dummy, erik_orc_2
D:12:     layout_rooms, minivault_10
D:13:     layout_big_octagon, ximxim_vaults_locker_room, gauntlet_entry_generic,
          serial_shops, shop, kennysheep_doodads, uniq_snorg, uniq_nessos
Temple:   oiseaux_autumnal_temple

Skill      XL: |  1  2  3  4  5  6  7  8  9 10 11 12 |
---------------+-------------------------------------+-----
Fighting       | 2 3 4 5 6 7 8 9 |  9.8
Axes           | 2 |  2.7
Dodging        | 3 4 5 6 7 8 9 10 | 10.3
Translocations | 4 5 6 7 8 9 |  9.7
Spellcasting   | 4 5 6 7 9 10 11 | 11.3
Staves         | 1 2 4 5 7 8 10 11 | 11.3
Stealth        | 2 4 6 7 8 10 | 10.0
Conjurations   | 3 5 |  5.5
Throwing       | |  1.0
Armour         | |  0.7

Action                     |  1- 3 |  4- 6 |  7- 9 | 10-12 | 13-15 || total
---------------------------+-------+-------+-------+-------+-------++-------
  Melee: Hand axe          |    96 |    45 |       |       |       ||   141
         Punch             |     2 |       |       |       |       ||     2
         Lajatang          |       |   149 |   280 |   861 |       ||  1290
         Labrys            |       |       |       |    60 |     2 ||    62
  Throw: Boomerang         |     6 |     1 |       |     2 |       ||     9
         Dart              |       |     2 |     8 |     8 |       ||    18
         Throwing net      |       |       |     2 |       |       ||     2
   Cast: Blink             |       |     1 |       |     7 |       ||     8
         Manifold Assault  |       |       |    44 |   353 |       ||   397
         Poisonous Vapours |       |       |       |     2 |       ||     2
Ability: Lunge             |       |       |    14 |    12 |       ||    26
         Whirlwind         |       |       |     2 |     1 |       ||     3
  Evoke: Wand              |       |     3 |     6 |    12 |       ||    21
         Lightning rod     |       |       |       |     4 |     1 ||     5
    Use: Potion            |     3 |     1 |     1 |     5 |       ||    10
         Scroll            |     2 |    11 |     5 |    23 |       ||    41
   Stab: Sleeping          |       |     4 |     1 |     1 |       ||     6
         Distracted        |       |       |     2 |       |       ||     2
 Armour: Leather armour    |    32 |    19 |       |       |       ||    51
         Robe              |       |     9 |    18 |    67 |     3 ||    97
  Dodge: Dodged            |    65 |   150 |   133 |   449 |     7 ||   804

Table legend: (Time is in decaauts)
 A = Elapsed time spent in this place.
 B = Non-inter-level travel time spent in this place.
 C = Inter-level travel time spent in this place.
 D = Time resting spent in this place.
 E = Time spent auto-exploring this place.
 F = Levels seen in this place.
 G = Mean time per level.
                   A        B        C        D        E       F      G
               +--------+--------+--------+--------+--------+-----+--------+
         Total |  22210 |  21180 |   1030 |   4172 |  14073 |  15 | 1480.7 |
       Dungeon |  20673 |  19692 |    981 |   3727 |  13446 |  13 | 1590.2 |
        Temple |    370 |    321 |     49 |      0 |    230 |   1 |  370.0 |
      Gauntlet |   1166 |   1166 |      0 |    444 |    397 |   1 | 1166.0 |
               +--------+--------+--------+--------+--------+-----+--------+

Top non-repeatable levels by time:
     D:9: 3297 daAuts
     D:8: 2255 daAuts
     D:6: 2033 daAuts
    D:11: 1936 daAuts
     D:2: 1772 daAuts
    D:12: 1762 daAuts
     D:7: 1542 daAuts
    D:10: 1520 daAuts
     D:1: 1424 daAuts
     D:4: 1205 daAuts
Gauntlet: 1166 daAuts
     D:5: 928 daAuts
     D:3: 808 daAuts
  Temple: 370 daAuts
    D:13: 186 daAuts
